 Dungeon Crawl Stone Soup version 0.28-a0-1389-gc726bef33b (webtiles) character file.

Game seed: 17759575112869679800

310646 belegose the Unseen (level 21, -2/146 (150) HPs)
             Began as a Gnoll Warper on Jan 2, 2022.
             Was the Champion of Hepliaklqana.
             Killed from afar by a tengu reaver (47 damage)
             ... with a bolt of acid
             ... on level 2 of the Vaults on Jan 3, 2022.
             The game lasted 05:53:06 (72372 turns).

belegose the Unseen (Gnoll Warper)                 Turns: 72372, Time: 05:53:07

HP:   -2/146 (150)  AC: 26    Str: 14    XL:     21   Next: 63%
MP:   40/40         EV: 16    Int: 19    God:    Hepliaklqana [******]
Gold: 2530          SH: 15    Dex: 18    Spells: 5/50 levels left

rFire   + . .      SeeInvis +   a - +9 war axe of Greed {vorpal, rC+ Will+}
rCold   + + .      Faith    .   N - +2 buckler {AC+3}
rNeg    . . .      Spirit   .   x - +8 fire dragon scales
rPois   .          Reflect  +   s - +2 helmet
rElec   .          Harm     .   G - +0 cloak
rCorr   .          Rampage  .   y - +2 pair of gloves of Starshine {rF- rC++ Dex+5 SInv}
Will    +++..                   L - +0 pair of boots
Stlth   +++++.....              n - amulet of reflection
HPRegen 0.34/turn               E - ring of wizardry
MPRegen 0.27/turn               Y - ring of willpower

@: corroded, studying 2 skills, lightly drained
A: reduced essence, fangs 1, strong nose, distributed training
}: 1/15 runes: decaying
a: Renounce Religion, Recall Ancestor, Ancestor Identity, Transference, Idealise


You were on level 2 of the Vaults.
You worshipped Hepliaklqana.
Hepliaklqana was exalted by your worship.
You visited 8 branches of the dungeon, and saw 37 of its levels.
You visited 1 bazaar.
You also visited: Ice Cave and Volcano.

You collected 6845 gold pieces.
You spent 4315 gold pieces at shops.

Inventory:

Hand Weapons
 a - the +9 war axe of Greed (weapon) {vorpal, rC+ Will+}
   (You found it on level 2 of the Lair of Beasts)

   It inflicts extra damage upon your enemies.
   rC:        It protects you from cold.
   Will:      It increases your willpower.
 b - the +12 hand crossbow "Haqevus Deymp" {freeze, rF- rN+ SInv}
   (You found it on level 3 of the Elven Halls)

   Any ammunition fired from it freezes those it strikes, dealing additional
   cold damage.
   It can also slow down cold-blooded creatures.
   rF:        It makes you vulnerable to fire.
   rN:        It protects you from negative energy.
   SInv:      It lets you see invisible.
 j - the +11 falchion "Jiut" {vorpal, rF+ rCorr Int+3}
   (You found it on level 3 of the Elven Halls)

   It inflicts extra damage upon your enemies.
   Int:       It affects your intelligence (+3).
   rF:        It protects you from fire.
   rCorr:     It protects you from acid and corrosion.
 w - the +3 rapier of the Muttering Traitor {freeze, *Rage rElec rN++ rCorr Dex+4}
   (You took it off a deep elf sorcerer on level 3 of the Elven Halls)

   It freezes those it strikes, dealing additional cold damage.
   It can also slow down cold-blooded creatures.
   Dex:       It affects your dexterity (+4).
   rElec:     It insulates you from electricity.
   rN:        It greatly protects you from negative energy.
   *Rage:     It berserks you when you make melee attacks (+20% chance).
   rCorr:     It protects you from acid and corrosion.
Missiles
 f - 549 bolts
 u - 54 poisoned darts (quivered)
Armour
 s - a +2 helmet (worn)
 x - +8 fire dragon scales (worn)
 y - the +2 pair of gloves of Starshine (worn) {rF- rC++ Dex+5 SInv}
   (You acquired it on level 3 of the Elven Halls)

   Dex:       It affects your dexterity (+5).
   rF:        It makes you vulnerable to fire.
   rC:        It greatly protects you from cold.
   SInv:      It lets you see invisible.
 G - a +0 cloak (worn)
 L - a +0 pair of boots (worn)
 N - a +2 buckler of protection (worn)
Jewellery
 n - an amulet of reflection (around neck)
 E - a ring of wizardry (left hand)
 Y - a ring of willpower (right hand)
Wands
 d - a wand of acid (9)
 C - a wand of digging (8)
 D - a wand of paralysis (31)
 F - a wand of iceblast (13)
 Q - a wand of charming (11)
 S - a wand of mindburst (3)
Scrolls
 c - 2 scrolls of blinking
 m - a scroll of magic mapping
 o - 22 scrolls of teleportation
 q - 7 scrolls of fear
 r - a scroll of silence
 z - a scroll of summoning
 M - 5 scrolls of fog
Potions
 e - 4 potions of cancellation
 g - 16 potions of curing
 h - 5 potions of might
 l - 4 potions of magic
 p - 8 potions of mutation
 t - 22 potions of heal wounds
 J - 5 potions of lignification
 K - 6 potions of haste
 U - 2 potions of invisibility
 W - 5 potions of berserk rage
 X - 4 potions of resistance
Miscellaneous
 i - a phial of floods
 k - a condenser vane
 R - a phantom mirror
 T - a lightning rod (4/4)
 V - a box of beasts
 Z - a tin of tremorstones (2/2)


   Skills:
 + Level 14.8 Fighting
 + Level 14.2 Short Blades
 + Level 14.2 Long Blades
 + Level 14.2 Axes
 + Level 14.8 Maces & Flails
 + Level 14.2 Polearms
 + Level 14.2 Staves
 + Level 14.2 Slings
 + Level 14.2 Bows
 + Level 14.2 Crossbows
 + Level 14.4 Throwing
 + Level 14.4 Armour
 + Level 14.8 Dodging
 + Level 18.0 Stealth
 + Level 14.2 Shields
 + Level 14.2 Unarmed Combat
 + Level 15.3 Spellcasting
 + Level 12.0 Conjurations
 + Level 12.0 Hexes
 + Level 12.0 Summonings
 + Level 12.0 Necromancy
 + Level 13.2 Translocations
 + Level 12.0 Transmutations
 + Level 12.0 Fire Magic
 + Level 12.0 Ice Magic
 + Level 12.0 Air Magic
 + Level 12.0 Earth Magic
 + Level 12.0 Poison Magic
 + Level 15.4 Invocations
 + Level 14.2 Evocations


You had 5 spell levels left.
You knew the following spells:

 Your Spells              Type           Power      Damage    Failure   Level
a - Blink                 Tloc           100%       N/A       1%          2
b - Mephitic Cloud        Conj/Pois/Air  57%        N/A       1%          3
c - Stone Arrow           Conj/Erth      100%       3d13      1%          3
d - Dispel Undead         Necr           57%        3d20      1%          4
e - Sticky Flame          Conj/Fire      57%        2d7       1%          4
f - Freezing Cloud        Conj/Ice/Air   28%        6-21      1%          5
g - Olgreb's Toxic Radia  Pois           57%        N/A       1%          4
h - Tukima's Dance        Hex            57%        N/A       1%          3
i - Yara's Violent Unrav  Hex/Tmut       28%        3d12      1%          5
j - Death Channel         Necr           28%        N/A       6%          6
k - Animate Skeleton      Necr           100%       N/A       1%          1
l - Summon Mana Viper     Hex/Summ       57%        N/A       1%          5

Your spell library contained the following spells:

 Spells                   Type           Power      Damage    Failure   Level
 Apportation              Tloc           100%       N/A       1%          1
 Magic Dart               Conj           100%       1d8       1%          1
 Pain                     Necr           100%       1d9       1%          1
 Sandblast                Erth           100%       2d20      1%          1
 Slow                     Hex            100%       N/A       1%          1
 Call Imp                 Summ           57%        N/A       1%          2
 Corpse Rot               Necr/Air       100%       N/A       1%          2
 Passwall                 Tmut/Erth      47%        N/A       1%          2
 Poisonous Vapours        Pois/Air       100%       N/A       1%          2
 Searing Ray              Conj           100%       2d8       1%          2
 Confusing Touch          Hex            57%        N/A       1%          3
 Conjure Flame            Conj/Fire      57%        6-21      1%          3
 Dazzling Flash           Conj/Hex       100%       N/A       1%          3
 Gell's Gravitas          Tloc           59%        N/A       1%          3
 Ignite Poison            Fire/Tmut/Pois 57%        N/A       1%          3
 Lesser Beckoning         Tloc           59%        N/A       1%          3
 Summon Guardian Golem    Hex/Summ       57%        N/A       1%          3
 Teleport Other           Tloc           59%        N/A       1%          3
 Vampiric Draining        Necr           57%        2d10      1%          3
 Animate Armour           Summ/Erth      100%       N/A       1%          4
 Cause Fear               Hex            28%        N/A       1%          4
 Fulminant Prism          Conj/Hex       28%        3d14      1%          4
 Leda's Liquefaction      Hex/Erth       28%        N/A       1%          4
 Passage of Golubria      Tloc           59%        N/A       1%          4
 Petrify                  Tmut/Erth      57%        N/A       1%          4
 Summon Ice Beast         Ice/Summ       57%        N/A       1%          4
 Alistair's Intoxication  Tmut/Pois      38%        N/A       1%          5
 Blade Hands              Tmut           28%        N/A       1%          5
 Irradiate                Conj/Tmut      28%        3d22      1%          5
 Lee's Rapid Deconstruct  Erth           28%        3d16*     1%          5
 Manifold Assault         Tloc           59%        N/A       1%          5
 Metabolic Englaciation   Hex/Ice        28%        N/A       1%          5
 Iron Shot                Conj/Erth      28%        9d6       6%          6
 Simulacrum               Ice/Necr       28%        N/A       6%          6
 Statue Form              Tmut/Erth      38%        N/A       6%          6
 Dragon Form              Tmut           28%        N/A       32%         7
 Monstrous Menagerie      Summ           28%        N/A       32%         7
 Ozocubu's Refrigeration  Ice            28%        4d10      32%         7
 Storm Form               Tmut/Air       28%        N/A       32%         7
 Ignition                 Fire           28%        3d9       92%         8
 Dragon's Call            Summ           28%        N/A       100%        9
 Polar Vortex             Ice            28%        N/A       100%        9


Dungeon Overview and Level Annotations

Branches:
Dungeon (15/15)            Temple (1/1) D:6            Lair (6/6) D:8
  Swamp (4/4) Lair:2       Spider (4/4) Lair:4        Slime (0/5) Lair:5
    Orc (2/2) D:12            Elf (3/3) Orc:2        Vaults (2/5) D:14
 Depths (0/4) D:15          IceCv (visited)         Volcano (visited)
  Crypt: Vaults:2-3

Altars:
Ashenzari
Cheibriados
Dithmenos
Elyvilon
Fedhas
Gozag
Hepliaklqana
Kikubaaqudgha
Makhleb
Nemelex Xobeh
Okawaru
Qazlal
Ru
Sif Muna
Trog
Uskayaw
Vehumet
Wu Jian
Xom
Yredelemnul
Zin
The Shining One
Beogh
Jiyva

Shops:
D:3 !   D:6 :   D:13 :   Orc:1 *   Orc:2 =*=([   Elf:1 [   Elf:2 [
Vaults:1 ****

Annotations:
Lair:2 3 runed translucent doors, exclusion: 3 doors, Desusah's ghost, journeyman DrCA; Pegaph's ghost, journeyman PaAM; Reubyar's ghost, journeyman MiBe
Lair:5 1 runed translucent door, exclusion: door
Swamp:3 exclusion: downstairs
Spider:4 exclusion: 3 doors
Elf:2 3 runed translucent doors, exclusion: 3 doors


Innate Abilities, Weirdness & Mutations

Your life essence is reduced to manifest your ancestor. (-10% HP)
You have very sharp teeth.
Your uncanny sense of smell can sniff out nearby items.
Your experience applies equally to all skills.


Message History

The tengu reaver is lightly wounded.
You miss the tengu reaver.
The tengu reaver is lightly wounded.
The tengu reaver casts a spell at you. The bolt of poison misses you.
The bolt of poison hits Aahotepre.
Aahotepre completely resists.
Aahotepre hits the tengu reaver with a +0 dagger of draining.
You hit the tengu reaver.
The tengu reaver is moderately wounded.
The tengu reaver gestures at you while chanting.
The bolt of acid hits you!!! The acid corrodes you!
Aahotepre barely misses the tengu reaver.
You barely miss the tengu reaver.
The tengu reaver is moderately wounded.
The tengu reaver gestures at you while chanting.
The bolt of acid hits you!! The acid corrodes you!
Aahotepre points at the tengu reaver and mumbles some strange words.
The tengu reaver easily resists.
You closely miss the tengu reaver.
The tengu reaver is lightly wounded.
You block the tengu reaver's attack.
The tengu reaver pecks you but does no damage.
The tengu reaver claws you!
Aahotepre hits the tengu reaver with a +0 dagger of draining.
Aahotepre drains the tengu reaver.
Casting: Olgreb's Toxic Radiance (safe; 1% risk of failure)
Confirm with . or Enter, or press ? or * to list all spells.
Okay, then.
Casting: Olgreb's Toxic Radiance (safe; 1% risk of failure)
Confirm with . or Enter, or press ? or * to list all spells.
Aiming: Mephitic Cloud (safe; 1% risk of failure)
Press: ? - help, Shift-Dir - straight line, f - tengu reaver
Aim: a tengu reaver, wielding a +1 great mace of protection and wearing a +0 scale mail (moderately wounded, lightly drained, ally target, chance to affect: 24%) That beam is likely to hit you.
Continue anyway?
Okay, then.
Aahotepre casts a spell.
Aahotepre seems to speed up.
The tengu reaver points at you and mumbles some strange words.
The bolt of acid hits you!!!
You die...

*,,,,* *,,,*,, *,,,,* *,,,**,
*,,,,* *,,,,** *,,,,* *,,,,,*
**##################,,,,*****+*+*
,,.................#,,,,,,,,,,,,,
,,.......<.........#,,,,,,,,,,,,,
,,.................#,,,,,,,,,,,,,
,,.#.###...#####@..#,,,,,,,,,,,,,
,,,*,*,#...#)......#,,,,*********
,,,*,*,#...#.###Q..#,,,,*
,,,*,*.....#)#..R..#,,,,* *******
,,,**###########...#,,,,* *,,,,,,
,,,,,,,*,,,,,,,....#,,,,* *,,,,,,
,,,,,,,***,*,,,....#,,,,* *,,,,,,
,,,,,,,*,*,*,,.....#,,,,* *,,,,,,
,,,*****,*****##...#,,,,* *,,,,,,


You could see the friendly Aahotepre the hexer (fast) and a tengu reaver
(drained, ally target).

Vanquished Creatures
  Saint Roka (Orc:2)
  Arachne (Spider:4)
  Jorgrun (D:13)
  Mlioglotl (Swamp:1)
  2 deep elf master archers (Elf:3)
  2 deep elf blademasters (Elf:3)
  Asterion (Vaults:1)
  2 thorn hunters (Swamp:3)
  Gastronok (Lair:2)
  A tengu reaver (D:13)
  2 vault wardens (Vaults:1)
  An emperor scorpion (Spider:2)
  A juggernaut zombie (D:15)
  4 deep elf sorcerers (Elf:3)
  An emperor scorpion (shapeshifter) (D:13)
  Louise (Swamp:3)
  2 ghouls (Swamp:4)
  Aizul (Vaults:1)
  2 deep elf elementalists (Elf:3)
  3 ironbound preservers (Vaults:1)
  A quicksilver ooze (Lair:4)
  A stone giant (Vaults:1)
  5 eleionomae
  4 deep elf demonologists (Elf:3)
  8 deep elf annihilators
  2 bunyips
  A spark wasp (Spider:3)
  Azrael (Spider:3)
  3 entropy weavers
  An ettin (Orc:1)
  3 shambling mangroves
  2 deep elf death magi
  2 fire dragons
  Josephine (D:14)
  2 yaktaur captains
  24 hydras
  6 deep elf high priests (Elf:3)
  Fannar (Lair:3)
  4 vault guards
  3 boulder beetles
  An ogre mage (D:15)
  4 catoblepae
  3 ghost crabs
  5 centaur warriors
  10 alligators
  17 dancing weapons
  7 ironbound frosthearts
  3 death knights
  7 two-headed ogres
  4 death yaks
  3 tengu warriors
  A vampire mage (D:15)
  3 orc high priests
  A hell knight (Volcano)
  18 deep elf knights
  A sun moth (Spider:1)
  A fire crab (shapeshifter) (D:13)
  A salamander mystic (Volcano)
  3 skeletal warriors
  11 deep trolls
  A pharaoh ant (Spider:4)
  2 steelbarb worms
  2 spriggan druids
  A goliath frog (Swamp:2)
  8 swamp dragons
  A goliath frog (shapeshifter) (Vaults:1)
  A shadow wraith (Vaults:2)
  8 orb spiders
  Pikel (D:4)
  3 bog bodies
  24 deep elf zephyrmancers
  A wizard (Vaults:2)
  2 ironbound convokers
  13 deep elf archers
  4 lindwurms
  A necromancer (D:15)
  3 orc sorcerers
  4 ugly things (D:13)
  13 wolf spiders
  3 orc knights
  29 deep elf pyromancers
  5 will-o-the-wisps
  2 moths of wrath (Spider:3)
  4 cyclopes
  5 elephants (Lair:6)
  5 manticores
  An ice statue (IceCv)
  4 salamanders (Volcano)
  A salamander (shapeshifter) (Elf:2)
  A fire giant skeleton (D:15)
  2 black mambas (Lair:6)
  3 vault sentinels (Vaults:1)
  2 torpor snails
  A gargoyle (D:12)
  6 cane toads
  A spriggan zombie (D:15)
  3 rime drakes
  11 yaktaurs
  2 molten gargoyles (Volcano)
  A tengu conjurer (D:13)
  An unseen horror (D:11)
  3 komodo dragons
  7 demonic crawlers
  3 kobold demonologists
  2 ice devils (Orc:2)
  An efreet (D:14)
  A queen bee (D:13)
  30 meliai
  4 tyrant leeches
  6 trolls
  A bloated husk (Swamp:4)
  8 polar bears
  Grinder (D:4)
  17 blink frogs
  8 hornets
  14 tarantellas
  14 slime creatures
  6 dream sheep (Lair:6)
  2 air elementals (Elf:1)
  3 water elementals
  22 jumping spiders
  A shadow (D:7)
  8 culicivoras
  A culicivora (shapeshifter) (Elf:1)
  3 spriggans (Swamp:3)
  4 wyverns
  9 basilisks
  3 wraiths
  6 fire elementals
  A golden eye (shapeshifter) (D:14)
  40 yaks
  A hog (Spider:4)
  2 steam dragons
  42 redbacks
  17 vampire mosquitoes
  6 wargs
  14 swamp worms
  2 acid dragons
  8 water moccasins
  18 orc warriors
  A hell hound (Spider:2)
  8 swamp drakes
  2 ice beasts
  6 ogres
  2 black bears
  3 necrophages
  A boggart (Vaults:1)
  30 wolves
  2 centaurs
  4 lemures
  A phantom (D:5)
  A kobold brigand (D:9)
  11 bullfrogs
  2 earth elementals (Elf:3)
  2 scorpions (D:5)
  38 killer bees
  A howler monkey (D:5)
  2 electric eels
  2 hexers (Orc:2)
  4 lava snakes (Volcano)
  4 centaur zombies
  2 hounds
  11 orc priests
  2 bullfrog skeletons (D:6)
  4 jellies (Lair:4)
  6 iguanas
  12 orc wizards
  The ghost of Adrian566 the Skirmisher, a weakling DsFi (D:3)
  A gnoll (D:1)
  6 adders
  A shadow imp (D:6)
  A white imp (D:7)
  An ufetubus (D:7)
  2 worms (D:4)
  3 dart slugs (D:1)
  49 orcs
  10 ball pythons
  9 bats
  4 endoplasms
  A giant cockroach (D:4)
  12 goblins
  7 hobgoblins
  3 quokkas
  4 frilled lizards
  18 kobolds
  6 rats
  8 briar patches (Swamp:3)
1046 creatures vanquished.

Vanquished Creatures (collateral kills)
  The ghost of ragingrage the Severer, an adept PaFi of Okawaru (Spider:3)
  A lich (Vaults:1)
  Donald (Orc:2)
  Kirke (Spider:4)
  2 vault wardens (Vaults:1)
  2 ironbound preservers
  An ironbound thunderhulk (Vaults:1)
  A deep elf demonologist (Elf:3)
  3 deep elf annihilators (Elf:3)
  A dire elephant (Vaults:1)
  4 eleionomae
  A deep elf death mage (Elf:3)
  2 ettins
  A shambling mangrove (Swamp:4)
  A deep elf high priest (Elf:3)
  A boulder beetle (Spider:1)
  2 yaktaur captains (Vaults:1)
  A jorogumo (Spider:3)
  4 hydras
  An ironbound frostheart (Vaults:1)
  A radroach (Spider:1)
  2 centaur warriors (D:13)
  5 dancing weapons
  A tengu warrior (D:15)
  2 alligators
  2 death yaks (Lair:6)
  5 deep elf knights
  2 goliath frogs
  2 steelbarb worms
  2 spriggan druids
  2 bog bodies
  2 deep trolls
  2 swamp dragons (Swamp:4)
  An orb spider (Spider:4)
  An ironbound convoker (Vaults:1)
  4 deep elf zephyrmancers
  2 orc knights
  2 deep elf pyromancers
  A wolf spider (Spider:3)
  3 will-o-the-wisps
  4 manticores
  A frost giant zombie (D:15)
  An ugly thing (D:13)
  The ghost of Shayle the Sneak, a novice DsWr of Gozag (D:9)
  2 orc sorcerers
  A gargoyle (D:12)
  A torpor snail (Spider:3)
  A black mamba (Lair:2)
  A vault sentinel (Vaults:1)
  2 elephants (Lair:6)
  2 rime drakes
  An unseen horror (D:12)
  3 cane toads
  A demonic crawler (Spider:2)
  2 yaktaurs (Vaults:1)
  A freezing wraith (D:14)
  2 trolls
  A meliai (Spider:1)
  2 tyrant leeches
  4 polar bears
  2 hornets
  3 tarantellas (Spider:1)
  7 blink frogs
  9 slime creatures
  4 dream sheep (Lair:6)
  A culicivora (Spider:2)
  11 yaks
  A wyvern (D:10)
  A spriggan (Swamp:1)
  2 fire bats (Volcano)
  An air elemental (Elf:2)
  2 wraiths
  A basilisk (Lair:4)
  2 humans (Vaults:2)
  A fire elemental (Elf:1)
  8 redbacks
  2 vampire mosquitoes (Swamp:2)
  A steam dragon (D:9)
  4 swamp worms
  5 wargs
  5 water moccasins
  4 orc warriors
  A sky beast (D:7)
  4 swamp drakes
  2 ogres (Orc:1)
  10 wolves
  A centaur (D:9)
  2 kobold brigands
  2 bullfrogs
  A howler monkey (D:10)
  6 killer bees
  An electric eel (Lair:5)
  A lava snake (Volcano)
  3 centaur zombies
  8 orc priests
  9 orc wizards
  3 iguanas (Lair:6)
  A hell rat (Lair:6)
  16 orcs
  A giant cockroach (D:3)
  A hobgoblin (D:8)
  5 kobolds
265 creatures vanquished.

Vanquished Creatures (others)
  A deep elf zephyrmancer (Elf:1)
  A bloated husk (Swamp:4)
  A tyrant leech (Spider:2)
  A blink frog (Lair:1)
  A jumping spider (Spider:3)
  A culicivora (Spider:3)
  A redback (Spider:3)
  An acid dragon (Lair:6)
  30 hexers
  A killer bee (D:13)
  5 ancestors
  17 foxfires
  6 fungi
  19 plants
  2 withered plants (D:15)
88 creatures vanquished.

Grand Total: 1399 creatures vanquished

Notes
Turn   | Place    | Note
-------+----------+-------------------------------------------
     0 | D:1      | belegose the Gnoll Warper began the quest for the Orb.
     0 | D:1      | Reached XP level 1. HP: 20/20 MP: 6/6
   190 | D:1      | Reached XP level 2. HP: 13/26 MP: 7/7
   765 | D:1      | Reached XP level 3. HP: 31/31 MP: 9/9
   796 | D:1      | Reached skill level 5 in Spellcasting
  1199 | D:1      | Reached skill level 1 in Invocations
  1831 | D:2      | Reached skill level 1 in Short Blades
  1831 | D:2      | Reached skill level 1 in Long Blades
  1831 | D:2      | Reached skill level 1 in Axes
  1831 | D:2      | Reached skill level 1 in Polearms
  1831 | D:2      | Reached skill level 1 in Staves
  1831 | D:2      | Reached skill level 1 in Slings
  1831 | D:2      | Reached skill level 1 in Bows
  1831 | D:2      | Reached skill level 1 in Crossbows
  1831 | D:2      | Reached skill level 1 in Stealth
  1831 | D:2      | Reached skill level 1 in Shields
  1831 | D:2      | Reached skill level 1 in Unarmed Combat
  1831 | D:2      | Reached skill level 1 in Evocations
  1979 | D:2      | Reached XP level 4. HP: 34/38 MP: 9/11
  2435 | D:3      | Found Logum's Distillery.
  2449 | D:3      | Bought a potion of degeneration for 13 gold pieces
  2543 | D:3      | Noticed a black bear
  2544 | D:3      | Found a runed translucent gate.
  2544 | D:3      | Noticed Adrian566's ghost (weakling DsFi)
  2545 | D:3      | Found a runed translucent gate.
  2549 | D:3      | Found a runed translucent gate.
  2596 | D:2      | Reached skill level 1 in Conjurations
  2596 | D:2      | Reached skill level 1 in Hexes
  2596 | D:2      | Reached skill level 1 in Summonings
  2596 | D:2      | Reached skill level 1 in Necromancy
  2596 | D:2      | Reached skill level 1 in Transmutations
  2596 | D:2      | Reached skill level 1 in Fire Magic
  2596 | D:2      | Reached skill level 1 in Ice Magic
  2596 | D:2      | Reached skill level 1 in Air Magic
  2596 | D:2      | Reached skill level 1 in Earth Magic
  2596 | D:2      | Reached skill level 1 in Poison Magic
  2712 | D:3      | Reached XP level 5. HP: 23/43 MP: 6/12
  2871 | D:3      | You fall into a shaft and drop 2 floors!
  2871 | D:5      | Entered Level 5 of the Dungeon
  2873 | D:5      | Found a broken altar of Ashenzari.
  3130 | D:4      | Noticed a lemure
  3135 | D:4      | Noticed a lemure
  3137 | D:4      | Noticed Pikel
  3174 | D:4      | Noticed a black bear
  3188 | D:5      | Killed a lemure
  3534 | D:5      | Found a sparkling altar of Nemelex Xobeh.
  3534 | D:5      | Found a shadowy altar of Dithmenos.
  3552 | D:5      | Noticed an ogre
  3566 | D:5      | Killed an ogre
  3567 | D:5      | Reached XP level 6. HP: 40/50 MP: 10/13
  3634 | D:5      | Reached skill level 5 in Fighting
  3634 | D:5      | Reached skill level 5 in Maces & Flails
  3634 | D:5      | Reached skill level 5 in Dodging
  3634 | D:5      | Reached skill level 2 in Stealth
  3932 | D:4      | Found an ornate altar of the Wu Jian Council.
  4018 | D:4      | Noticed Grinder
  4049 | D:4      | Paralysed by Grinder for 2 turns
  4052 | D:4      | Killed Grinder
  4053 | D:4      | Reached XP level 7. HP: 38/56 MP: 9/15
  4701 | D:3      | Found a faded altar of an unknown god.
  5376 | D:4      | Found a sacrificial altar of Ru.
  5501 | D:4      | Reached XP level 8. HP: 58/63 MP: 14/16
  6188 | D:5      | Reached skill level 3 in Stealth
  6624 | D:6      | Learned a level 2 spell: Blink
  6628 | D:6      | Learned a level 3 spell: Mephitic Cloud
  6665 | D:6      | Found a staircase to the Ecumenical Temple.
  6865 | Temple   | Entered the Ecumenical Temple
  7079 | Temple   | Became a worshipper of Hepliaklqana the Forgotten
  7800 | D:6      | Found Pidiarph Dukh's Book Boutique.
  8190 | D:6      | Reached XP level 9. HP: 62/69 MP: 14/18
  8390 | D:7      | Reached skill level 4 in Stealth
  8921 | D:7      | Found an opulent altar of Gozag.
  8944 | D:7      | Reached skill level 5 in Throwing
  8944 | D:7      | Reached skill level 5 in Armour
  9091 | D:7      | Reached * piety under Hepliaklqana
 10193 | D:7      | Learned a level 3 spell: Stone Arrow
 10198 | D:7      | Learned a level 4 spell: Dispel Undead
 10369 | D:4      | Killed Pikel
 10370 | D:4      | Reached skill level 5 in Invocations
 10589 | D:8      | Found a radiant altar of Vehumet.
 10589 | D:8      | Found a hide-covered altar of Uskayaw.
 10715 | D:7      | Reached XP level 10. HP: 45/69 MP: 12/20
 11181 | D:7      | Reached skill level 5 in Short Blades
 11181 | D:7      | Reached skill level 5 in Long Blades
 11181 | D:7      | Reached skill level 5 in Axes
 11181 | D:7      | Reached skill level 5 in Polearms
 11181 | D:7      | Reached skill level 5 in Staves
 11181 | D:7      | Reached skill level 5 in Slings
 11181 | D:7      | Reached skill level 5 in Bows
 11181 | D:7      | Reached skill level 5 in Crossbows
 11181 | D:7      | Reached skill level 5 in Stealth
 11181 | D:7      | Reached skill level 5 in Shields
 11181 | D:7      | Reached skill level 5 in Unarmed Combat
 11181 | D:7      | Reached skill level 5 in Evocations
 11814 | D:8      | Found a staircase to the Lair.
 12471 | D:8      | Found a stormy altar of Qazlal.
 12706 | D:8      | Found the +1 robe of Vines {NoPotionHeal Regen++++}
 12730 | D:8      | Noticed a seven-headed hydra
 12789 | D:8      | Found a white marble altar of Elyvilon.
 12821 | D:8      | Reached ** piety under Hepliaklqana
 12822 | D:8      | Remembered your ancestor Aahotepre as a hexer
 13576 | D:8      | Killed a seven-headed hydra
 13860 | D:9      | Reached XP level 11. HP: 75/75 MP: 18/22
 14355 | D:9      | Identified the +1 scale mail "Piniber" {+Blink}
 14429 | D:9      | Identified the +9 arbalest "Xuxkut" {penet, rC+ Int+2
                  | Dex+4}
 14482 | D:9      | Found a runed translucent gate.
 14482 | D:9      | Found a runed translucent gate.
 14482 | D:9      | Found a runed translucent gate.
 14482 | D:9      | Noticed Shayle's ghost (novice DsWr)
 14484 | D:9      | Found a basalt altar of Yredelemnul.
 14829 | D:10     | Entered Level 10 of the Dungeon
 14842 | D:10     | Reached skill level 6 in Stealth
 15000 | D:10     | Reached *** piety under Hepliaklqana
 15019 | D:10     | Reached skill level 5 in Conjurations
 15019 | D:10     | Reached skill level 5 in Hexes
 15019 | D:10     | Reached skill level 5 in Summonings
 15019 | D:10     | Reached skill level 5 in Necromancy
 15019 | D:10     | Reached skill level 5 in Transmutations
 15019 | D:10     | Reached skill level 5 in Fire Magic
 15019 | D:10     | Reached skill level 5 in Ice Magic
 15019 | D:10     | Reached skill level 5 in Air Magic
 15019 | D:10     | Reached skill level 5 in Earth Magic
 15019 | D:10     | Reached skill level 5 in Poison Magic
 15805 | D:11     | Reached **** piety under Hepliaklqana
 15878 | D:11     | Noticed a two-headed ogre
 15894 | D:11     | Killed a two-headed ogre
 15943 | D:11     | Noticed a two-headed ogre
 15958 | D:11     | Killed a two-headed ogre
 15969 | D:11     | Noticed a cyclops
 15979 | D:11     | Killed a cyclops
 16550 | D:3      | Killed Adrian566's ghost
 16750 | D:12     | Noticed a boulder beetle
 16765 | D:12     | Killed a boulder beetle
 17004 | D:12     | Noticed a two-headed ogre
 17005 | D:12     | Noticed a boulder beetle
 17058 | D:12     | Noticed a cyclops
 17069 | D:12     | Killed a cyclops
 17679 | D:12     | Reached XP level 12. HP: 75/84 MP: 15/24
 17845 | D:12     | Killed a two-headed ogre
 17846 | D:12     | Reached skill level 7 in Stealth
 17927 | D:12     | Noticed a death knight
 17962 | D:12     | Noticed a sun demon
 18038 | D:12     | Learned a level 4 spell: Sticky Flame
 18118 | D:12     | Noticed a boulder beetle
 18130 | D:12     | Killed a boulder beetle
 18143 | D:12     | Found a staircase to the Orcish Mines.
 18159 | D:12     | Killed a death knight
 18276 | D:12     | Noticed a two-headed ogre
 18314 | D:11     | Killed a boulder beetle
 18637 | D:12     | Killed a two-headed ogre
 18858 | D:12     | Found a staircase to the Orcish Mines.
 19147 | Orc:1    | Entered Level 1 of the Orcish Mines
 19346 | Orc:1    | Noticed an orc high priest
 19619 | Orc:1    | Found Jauxtuhi's Assorted Antiques.
 19671 | Orc:1    | Reached ***** piety under Hepliaklqana
 19694 | Orc:1    | Noticed an ettin
 19750 | Orc:1    | Killed an ettin
 19927 | Orc:1    | Killed an orc high priest
 19994 | Orc:2    | Entered Level 2 of the Orcish Mines
 20040 | Orc:2    | Noticed an orc high priest
 20249 | Orc:2    | Noticed Donald
 20289 | Orc:2    | Noticed a soul eater
 20294 | Orc:2    | Killed an orc high priest
 20367 | Orc:2    | Found a frozen archway.
 20376 | IceCv    | Entered an ice cave
 20562 | IceCv    | Noticed a death yak
 20564 | IceCv    | Reached XP level 13. HP: 86/90 MP: 22/26
 20754 | IceCv    | Reached skill level 8 in Stealth
 21173 | IceCv    | Found the +4 skin of Zhor {*Englaciate rC+++ SInv}
 22391 | Orc:2    | Found a staircase to the Elven Halls.
 22502 | Orc:2    | Learned a level 5 spell: Freezing Cloud
 22585 | Orc:2    | Killed Donald
 22760 | Orc:2    | Found Irom's Jewellery Shop.
 22796 | Orc:2    | Bought a ring of willpower for 425 gold pieces
 22799 | Orc:2    | Noticed an ettin
 22818 | Orc:2    | Killed an ettin
 22883 | Orc:2    | Reached skill level 10 in Spellcasting
 23765 | Orc:2    | Noticed Saint Roka
 23795 | Orc:2    | Killed Saint Roka
 23796 | Orc:2    | Reached skill level 9 in Stealth
 23935 | Orc:2    | Reached skill level 10 in Fighting
 23935 | Orc:2    | Reached skill level 10 in Maces & Flails
 23935 | Orc:2    | Reached skill level 10 in Dodging
 23999 | Orc:2    | Reached XP level 14. HP: 99/99 MP: 20/28
 24625 | Orc:2    | Found Iwimn's Antique Weapon Boutique.
 24636 | Orc:2    | Found Huweak's Jewellery Boutique.
 24652 | Orc:2    | Found Doat's General Store.
 24668 | Orc:2    | Found Laawopac's Antique Armour Boutique.
 24676 | Orc:2    | Bought a faintly humming ring mail for 198 gold pieces
 24676 | Orc:2    | Identified the +5 ring mail of the Vestibule of Hell {-Cast
                  | *Corrode Will++ Str+8} (You bought it in a shop on level 2
                  | of the Orcish Mines)
 24692 | Orc:2    | Bought a shimmering morningstar for 324 gold pieces
 24692 | Orc:2    | Identified the +4 morningstar of Tyblasm {freeze, Dex+8}
                  | (You bought it in a shop on level 2 of the Orcish Mines)
 24964 | Orc:2    | Bought a ring of poison resistance for 300 gold pieces
 24980 | Orc:2    | Bought a dazzling dagger for 252 gold pieces
 24980 | Orc:2    | Identified the +5 dagger of Capital Punishment {freeze,
                  | Fragile rElec rPois MP+9} (You bought it in a shop on level
                  | 2 of the Orcish Mines)
 24997 | Orc:2    | Bought a ring of see invisible for 225 gold pieces
 25187 | Lair:1   | Entered Level 1 of the Lair of Beasts
 25785 | Lair:1   | Reached skill level 10 in Invocations
 26461 | Lair:2   | Noticed Gastronok
 26467 | Lair:2   | Killed Gastronok
 26468 | Lair:2   | Reached skill level 10 in Stealth
 26486 | Lair:2   | Found a staircase to the Swamp.
 26701 | Lair:2   | Identified the +9 war axe of Greed {vorpal, rC+ Will+}
 27132 | Lair:2   | Found a runed translucent gate.
 27132 | Lair:2   | Found a runed translucent gate.
 27132 | Lair:2   | Found a runed translucent gate.
 27133 | Lair:2   | Noticed Desusah's ghost (journeyman DrCA)
 27134 | Lair:2   | Noticed Reubyar's ghost (journeyman MiBe)
 27134 | Lair:2   | Found the +5 demon whip "Spellbinder" {antimagic, Will+}
 27136 | Lair:2   | Noticed Reubyar's ghost (journeyman MiBe)
 27136 | Lair:2   | Noticed Pegaph's ghost (journeyman PaAM)
 27448 | Lair:3   | Noticed Fannar
 27503 | Lair:3   | Killed Fannar
 29145 | Lair:4   | Reached skill level 10 in Throwing
 29145 | Lair:4   | Reached skill level 10 in Armour
 29355 | Lair:4   | Found a hole to the Spider Nest.
 29528 | Lair:4   | Noticed a quicksilver ooze
 29570 | Lair:4   | Killed a quicksilver ooze
 29970 | Lair:5   | Found a runed translucent door.
 29970 | Lair:5   | Found a viscous altar of Jiyva.
 29970 | Lair:5   | Found a staircase to the Slime Pits.
 29970 | Lair:5   | Noticed an acid blob
 30018 | Lair:5   | Reached XP level 15. HP: 87/105 MP: 13/29
 30037 | Lair:5   | Identified the +6 mace "Paishrir" {vorpal, *Corrode rF+
                  | Dex+2 Stlth+}
 30060 | Lair:5   | Identified the +1 leather armour of Cocytus {rN+ Int+4}
 30121 | Lair:5   | Found a dark tunnel.
 30135 | Volcano  | Entered a volcano
 30503 | Volcano  | Found a bloodstained altar of Trog.
 30516 | Volcano  | Reached skill level 11 in Stealth
 31510 | Lair:5   | Reached skill level 10 in Translocations
 32032 | Lair:5   | Identified the +4 long sword "Extilapn" {vorpal, rCorr}
 32143 | Lair:5   | Reached ****** piety under Hepliaklqana
 32323 | Lair:6   | Entered Level 6 of the Lair of Beasts
 32414 | Lair:6   | Reached skill level 10 in Short Blades
 32414 | Lair:6   | Reached skill level 10 in Long Blades
 32414 | Lair:6   | Reached skill level 10 in Axes
 32414 | Lair:6   | Reached skill level 10 in Polearms
 32414 | Lair:6   | Reached skill level 10 in Staves
 32414 | Lair:6   | Reached skill level 10 in Slings
 32414 | Lair:6   | Reached skill level 10 in Bows
 32414 | Lair:6   | Reached skill level 10 in Crossbows
 32414 | Lair:6   | Reached skill level 10 in Shields
 32414 | Lair:6   | Reached skill level 10 in Unarmed Combat
 32414 | Lair:6   | Reached skill level 10 in Evocations
 33977 | Lair:6   | Identified the +3 flail "Abon" {freeze, Will- Str+3 Dex+4
                  | Stlth+}
 34247 | Lair:6   | Reached skill level 12 in Stealth
 35567 | D:13     | Found Jeyrchof's Book Shop.
 35818 | D:13     | Reached XP level 16. HP: 62/113 MP: 11/31
 36071 | D:13     | Bought the Unrestrained Analects for 440 gold pieces
 36076 | D:13     | Learned a level 4 spell: Olgreb's Toxic Radiance
 36491 | D:6      | Bought Great Wizards, Vol. VII for 450 gold pieces
 36495 | D:6      | Learned a level 3 spell: Tukima's Dance
 36501 | D:6      | Learned a level 5 spell: Yara's Violent Unravelling
 36781 | D:13     | Noticed a tengu reaver
 36990 | D:13     | Killed a tengu reaver
 37085 | D:13     | Noticed a quicksilver dragon
 37085 | D:13     | a fire giant changed into a quicksilver dragon
 37086 | D:13     | a quicksilver dragon changed into an iron troll
 37102 | D:13     | Noticed a sphinx
 37103 | D:13     | a sphinx changed into a frost giant
 37180 | D:13     | Noticed a quicksilver dragon
 37180 | D:13     | an alligator snapping turtle changed into a quicksilver
                  | dragon
 37181 | D:13     | a quicksilver dragon changed into a dire elephant
 37190 | D:13     | Noticed an azure jelly
 37190 | D:13     | a dire elephant changed into an azure jelly
 37194 | D:13     | an azure jelly changed into an emperor scorpion
 37846 | D:14     | Noticed Jorgrun
 37864 | D:13     | Killed Jorgrun
 38835 | D:14     | Found a glowing silver altar of Zin.
 38835 | D:14     | Found a glowing golden altar of the Shining One.
 38836 | D:14     | Found a white marble altar of Elyvilon.
 38923 | D:14     | Noticed Josephine
 38939 | D:14     | Killed Josephine
 38952 | D:14     | Reached skill level 13 in Stealth
 39386 | D:14     | Found a gate to the Vaults.
 39432 | D:15     | Entered Level 15 of the Dungeon
 40570 | D:15     | Found a staircase to the Depths.
 41240 | Spider:1 | Entered Level 1 of the Spider Nest
 41930 | Spider:1 | Reached XP level 17. HP: 119/119 MP: 25/33
 42436 | Spider:1 | Learned a level 6 spell: Death Channel
 43875 | Spider:2 | Reached skill level 14 in Stealth
 43875 | Spider:2 | Reached XP level 18. HP: 126/126 MP: 34/34
 45191 | Spider:2 | Reached skill level 10 in Conjurations
 45191 | Spider:2 | Reached skill level 10 in Hexes
 45191 | Spider:2 | Reached skill level 10 in Summonings
 45191 | Spider:2 | Reached skill level 10 in Necromancy
 45191 | Spider:2 | Reached skill level 10 in Transmutations
 45191 | Spider:2 | Reached skill level 10 in Fire Magic
 45191 | Spider:2 | Reached skill level 10 in Ice Magic
 45191 | Spider:2 | Reached skill level 10 in Air Magic
 45191 | Spider:2 | Reached skill level 10 in Earth Magic
 45191 | Spider:2 | Reached skill level 10 in Poison Magic
 45684 | Spider:3 | Found a transporter.
 45688 | Spider:3 | Noticed ragingrage's ghost (adept PaFi)
 45711 | Spider:3 | Found a transporter.
 47817 | Spider:3 | Noticed Azrael
 47947 | Spider:3 | Killed Azrael
 48282 | Spider:4 | Entered Level 4 of the Spider Nest
 48449 | Spider:4 | Noticed Arachne
 48677 | Spider:4 | Killed Arachne
 49132 | Spider:4 | Noticed Kirke
 49137 | Spider:4 | Killed Kirke
 49447 | Spider:3 | Killed ragingrage's ghost
 49498 | Spider:3 | Identified the +1 pair of boots of Loowythocw {Will- Int+2
                  | SInv}
 50486 | Spider:4 | Upgraded the game from 0.28-a0-1387-g3a22ab9bdc to
                  | 0.28-a0-1389-gc726bef33b
 50621 | Swamp:1  | Entered Level 1 of the Swamp
 50835 | Swamp:1  | Reached skill level 15 in Stealth
 51185 | Swamp:1  | Reached XP level 19. HP: 108/134 MP: 20/36
 51269 | Swamp:1  | Noticed Mlioglotl
 51293 | Swamp:1  | Killed Mlioglotl
 52156 | Swamp:2  | Learned a level 1 spell: Animate Skeleton
 54156 | Swamp:3  | Noticed Louise
 54178 | Swamp:3  | Killed Louise
 54638 | Swamp:4  | Entered Level 4 of the Swamp
 56244 | Swamp:4  | Reached skill level 16 in Stealth
 56577 | Swamp:4  | Got a decaying rune of Zot
 56712 | Swamp:4  | Learned a level 5 spell: Summon Mana Viper
 56976 | Elf:1    | Entered Level 1 of the Elven Halls
 57446 | Elf:1    | Found Maped's Armour Boutique.
 58217 | Elf:1    | Reached XP level 20. HP: 122/142 MP: 18/37
 60018 | Elf:2    | Paralysed by an air elemental for 1 turns
 60737 | Elf:2    | Found Atelukib's Antique Armour Shop.
 60743 | Elf:2    | Bought a cloak for 112 gold pieces
 60743 | Elf:2    | Bought a steaming ring mail for 225 gold pieces
 60743 | Elf:2    | Identified the +0 ring mail of the Mackerel {*Slow rPois
                  | Slay+2} (You bought it in a shop on level 2 of the Elven
                  | Halls)
 61532 | Elf:2    | Found a runed translucent gate.
 61533 | Elf:2    | Found a runed translucent gate.
 61533 | Elf:2    | Found a runed translucent gate.
 61772 | Elf:3    | Entered Level 3 of the Elven Halls
 62032 | Elf:3    | Identified the +11 falchion "Jiut" {vorpal, rF+ rCorr
                  | Int+3}
 62358 | Elf:3    | Reached skill level 17 in Stealth
 64279 | Elf:3    | Identified the +10 spear of the Tundras {elec, rN++ Str-4
                  | Dex+3}
 64279 | Elf:3    | Identified the +7 chain mail of the Fiend {rCorr Dex+2}
 64947 | Elf:3    | Identified the +2 leather armour "Forget-Me-Not" {Rampage
                  | rN+++ Str+2 Dex-3}
 65437 | Elf:3    | Reached XP level 21. HP: 41/149 MP: 7/39
 65595 | Elf:3    | Identified the +3 rapier of the Muttering Traitor {freeze,
                  | *Rage rElec rN++ rCorr Dex+4}
 65995 | Elf:3    | Reached skill level 15 in Invocations
 66579 | Elf:3    | Identified a scroll of acquirement
 66706 | Elf:3    | Acquired the +2 pair of gloves of Starshine {rF- rC++ Dex+5
                  | SInv}
 66777 | Elf:3    | Identified the +12 hand crossbow "Haqevus Deymp" {freeze,
                  | rF- rN+ SInv}
 66805 | Elf:3    | Got the Handbook of Envenoming and Bewitchment
 67922 | D:9      | Killed Shayle's ghost
 68945 | Orc:2    | Bought a ring of positive energy for 300 gold pieces
 69124 | Vaults:1 | Entered Level 1 of the Vaults
 69124 | Vaults:1 | Noticed Asterion
 69130 | Vaults:1 | Killed Asterion
 69413 | Vaults:1 | Noticed Aizul
 69427 | Vaults:1 | Killed Aizul
 70076 | Vaults:1 | Found an opulent altar of Gozag.
 70097 | Vaults:1 | Reached skill level 15 in Spellcasting
 70246 | Vaults:1 | Found Gozag's Assorted Antiques.
 70255 | Vaults:1 | Found Gozag's Assorted Antiques.
 70300 | Vaults:1 | Found Gozag's Assorted Antiques.
 71460 | Vaults:1 | Found Mujocaro's General Store.
 71499 | Vaults:1 | Acquired the +1 pair of gloves of Apathy {rC+ Will+}
 71913 | Vaults:2 | Found a flickering gateway to a bazaar.
 71935 | Bazaar   | Entered a bazaar
 71953 | Bazaar   | Found Kipnug's Distillery.
 71953 | Bazaar   | Found Qifuegaq's Armour Shoppe.
 71976 | Bazaar   | Found Foynk's Weapon Shoppe.
 71998 | Bazaar   | Found Ewnimiul's Assorted Antiques.
 71998 | Bazaar   | Found Seomi's Distillery.
 72020 | Bazaar   | Found Kyusiteh's General Store.
 72051 | Bazaar   | Bought a scroll of enchant armour for 60 gold pieces
 72052 | Bazaar   | Bought a scroll of magic mapping for 28 gold pieces
 72072 | Bazaar   | Bought 2 potions of heal wounds for 150 gold pieces
 72072 | Bazaar   | Bought a potion of curing for 45 gold pieces
 72072 | Bazaar   | Bought a potion of cancellation for 120 gold pieces
 72072 | Bazaar   | Bought a potion of curing for 45 gold pieces
 72072 | Bazaar   | Bought a potion of berserk rage for 75 gold pieces
 72072 | Bazaar   | Bought a potion of curing for 45 gold pieces
 72072 | Bazaar   | Bought a potion of mutation for 120 gold pieces
 72072 | Bazaar   | Bought a potion of heal wounds for 75 gold pieces
 72113 | Bazaar   | Bought a +2 helmet for 132 gold pieces
 72124 | Bazaar   | Bought a potion of heal wounds for 60 gold pieces
 72124 | Bazaar   | Bought a potion of magic for 96 gold pieces
 72348 | Vaults:2 | Reached skill level 18 in Stealth
 72372 | Vaults:2 | Killed from afar by a tengu reaver

Illustrated notes

Levels and vault maps discovered:
D:1:      dpeg_arrival_snail, layout_loops_ring
D:2:      layout_basic
D:3:      minmay_general_purpose_star, layout_basic,
          hellmonk_ecumenical_altar_inner_sanctum, serial_shops, shop,
          gammafunk_ghost_split, interstate_on_off
D:4:      layout_basic, mainiacjoe_overflow_catch_the_wave,
          kennysheep_pointless_box, uniq_pikel, uniq_grinder
D:5:      layout_basic, ashenzari_conservatory_becter,
          gammafunk_temple_overflow_wave
D:6:      layout_basic, minmay_temple_entry_water_ring, serial_corexii_hall,
          corexii_hall_statues_i, corexii_hall_statues_x,
          corexii_hall_statues_x, corexii_hall_statues_t, serial_shops,
          nicolae_shop_stone, kennysheep_generic_room_8
D:7:      layout_basic, grunt_gozag_breadcrumbs
D:8:      layout_gridville, mainiacjoe_overflow_chevrons,
          mainiacjoe_overflow_brackets,
          chequers_temple_overflow_statue_of_worship, erik_lair_orcish_takeover,
          enter_bailey_4, hellmonk_guarded_unrand_vines
D:9:      layout_cave_pods, nicolae_yredelemnul_ghost_church
D:10:     layout_long_grid, serial_glass, glass_columns_a, glass_columns_a,
          glass_columns_a, glass_columns_b, glass_columns_a, glass_columns_b,
          glass_columns_c, glass_columns_a, glass_columns_a, glass_columns_a,
          glass_columns_b, glass_columns_a, glass_columns_a, glass_columns_b,
          st_stairs_14
D:11:     layout_gridville
D:12:     layout_gridville, erik_orc_4
D:13:     regret_index_combs_of_tragedy, layout_loops_ring, serial_shops, shop
D:14:     layout_roguey, david_vaults_4, good_gods_temple_1, uniq_josephine,
          uniq_jorgrun
D:15:     gammafunk_depths_entry_grave, layout_rooms
Temple:   minmay_temple_curvy_loop
Lair:1:   layout_roguey, chequers_serial_rivers_micro_d,
          nicolae_quartered_pool_little, lemuel_old_faithful
Lair:2:   layout_roguey, skrybe_swamp_entry_bodies, gammafunk_ghost_cemetery,
          uniq_gastronok
Lair:3:   layout_chaotic_city, grunt_megastairs_2, uniq_fannar
Lair:4:   layout_gridlike, spider_nest_entry_rubble, nicolae_lair_time_for_slime
Lair:5:   layout_long_grid, slime_altar_2, enter_volcano_2,
          gammafunk_lair_bear_cave
Lair:6:   hangedman_lair_in_review, layout_gridlike, guppyfry_lair_end_dragon
Swamp:1:  layout_falls_marsh, evilmike_swamp_ruin_house_5, swamp_pool2,
          infiniplex_staircase_pool, uniq_mlioglotl
Swamp:2:  layout_basic_swamp, evilmike_swamp_ruin_house_6, swamp_pool2,
          nzn_swamp_dancing_lights
Swamp:3:  layout_basic_swamp, nicolae_swamp_treefoil, swamp_pool1, uniq_louise
Swamp:4:  swamp, layout_basic_swamp, swamp_pool2, infiniplex_staircase_pool_2
Spider:1: layout_spider_delve
Spider:2: layout_cave_pods, nicolae_spider_swamp_cousins,
          hangedman_spider_tarantella_strand
Spider:3: layout_spider_delve, gammafunk_ghost_berserking_beasts,
          guppyfry_spider_mini_3, uniq_azrael
Spider:4: spider_rune_water, uniq_kirke, uniq_arachne
Orc:1:    layout_diamond_mine, serial_shops, shop_fountains
Orc:2:    grunt_orc_cross, layout_diamond_mine, serial_shops, shop, basic_altar,
          portal_ice_cave_demonic_guard, uniq_donald
Elf:1:    minmay_elf_arrival_summoners, layout_gridlike, serial_shops, shop,
          hangedman_elven_crosses_minicolossus
Elf:2:    nicolae_elf_blades_crystal_corner, layout_loops_corners, serial_shops,
          shop, nicolae_elf_m_pinch
Elf:3:    minmay_elf_hall_not_hex, layout_geoelf_grid, minivault_11
Vaults:1: nicolae_vaults_hallways_thing, hangedman_vaults_restitches,
          nicolae_vaults_twisting_passages, kennysheep_vaults_gozag_temple,
          ontoclasm_vaults_shuriken, vaults_mumra_lcd,
          nicolae_vaults_shelves_hall, nicolae_vaults_alarming,
          layout_vaults_ring, serial_shops, shop, uniq_asterion, uniq_aizul
Vaults:2: v_misc_16, nicolae_vaults_network_quincunx
          [nicolae_vaults_network_quincunx_subvault,
          nicolae_vaults_network_quincunx_subvault,
          nicolae_vaults_network_quincunx_subvault,
          nicolae_vaults_network_quincunx_subvault,
          nicolae_vaults_network_quincunx_subvault], v_misc_15,
          vaults_dpeg_spiral, vaults_room_octagon, hangedman_vaults_slice,
          grunt_vaults_hallway_long, vaults_room_ringed_pool,
          ontoclasm_vaults_spin, nicolae_vaults_little_squares_2,
          layout_vaults_omnigrid, serial_shops, bzr_entry_customers

Skill      XL: |  1  2  3  4  5  6  7  8  9 10 11 12 13 14 15 16 17 18 19 20 21 |
---------------+----------------------------------------------------------------+-----
Spellcasting   | 5 6 7 8 9 10 11 12 13 14 15 | 15.3
Invocations    | 1 2 3 4 5 6 7 8 9 10 11 12 13 14 15 | 15.4
Short Blades   | 1 2 3 4 5 6 7 8 9 10 11 12 13 14 | 14.2
Long Blades    | 1 2 3 4 5 6 7 8 9 10 11 12 13 14 | 14.2
Axes           | 1 2 3 4 5 6 7 8 9 10 11 12 13 14 | 14.2
Polearms       | 1 2 3 4 5 6 7 8 9 10 11 12 13 14 | 14.2
Staves         | 1 2 3 4 5 6 7 8 9 10 11 12 13 14 | 14.2
Slings         | 1 2 3 4 5 6 7 8 9 10 11 12 13 14 | 14.2
Bows           | 1 2 3 4 5 6 7 8 9 10 11 12 13 14 | 14.2
Crossbows      | 1 2 3 4 5 6 7 8 9 10 11 12 13 14 | 14.2
Stealth        | 1 2 3 4 5 6 7 9 10 12 13 14 15 16 17 18 | 18.0
Shields        | 1 2 3 4 5 6 7 8 9 10 11 12 13 14 | 14.2
Unarmed Combat | 1 2 3 4 5 6 7 8 9 10 11 12 13 14 | 14.2
Evocations     | 1 2 3 4 5 6 7 8 9 10 11 12 13 14 | 14.2
Conjurations   | 1 2 3 4 5 6 7 8 9 10 11 12 | 12.0
Hexes          | 1 2 3 4 5 6 7 8 9 10 11 12 | 12.0
Summonings     | 1 2 3 4 5 6 7 8 9 10 11 12 | 12.0
Necromancy     | 1 2 3 4 5 6 7 8 9 10 11 12 | 12.0
Transmutations | 1 2 3 4 5 6 7 8 9 10 11 12 | 12.0
Fire Magic     | 1 2 3 4 5 6 7 8 9 10 11 12 | 12.0
Ice Magic      | 1 2 3 4 5 6 7 8 9 10 11 12 | 12.0
Air Magic      | 1 2 3 4 5 6 7 8 9 10 11 12 | 12.0
Earth Magic    | 1 2 3 4 5 6 7 8 9 10 11 12 | 12.0
Poison Magic   | 1 2 3 4 5 6 7 8 9 10 11 12 | 12.0
Throwing       | 3 4 5 6 7 8 9 10 11 12 13 14 | 14.4
Armour         | 3 4 5 6 7 8 9 10 11 12 13 14 | 14.4
Fighting       | 5 6 7 8 9 10 11 12 13 14 | 14.8
Maces & Flails | 5 6 7 8 9 10 11 12 13 14 | 14.8
Dodging        | 5 6 7 8 9 10 11 12 13 14 | 14.8
Translocations | 6 7 8 9 10 11 12 13 | 13.2

Action                   |  1- 3 |  4- 6 |  7- 9 | 10-12 | 13-15 | 16-18 | 19-21 || total
-------------------------+-------+-------+-------+-------+-------+-------+-------++-------
Melee: Mace              |    18 |    42 |       |       |       |       |       ||    60
       Quarterstaff      |    85 |    43 |       |       |       |       |       ||   128
       Bite              |     6 |    10 |    18 |    78 |   131 |    84 |    82 ||   409
       Short sword       |       |    34 |   120 |   517 |   313 |       |       ||   984
       Morningstar       |       |       |    98 |    31 |       |       |       ||   129
       Whip              |       |       |    12 |   108 |    13 |       |       ||   133
       Scimitar          |       |       |       |    26 |    15 |       |       ||    41
       Dagger            |       |       |       |       |   876 |   664 |   483 ||  2023
       Long sword        |       |       |       |       |    42 |       |       ||    42
       Punch             |       |       |       |       |    10 |       |       ||    10
       Unarmed           |       |       |       |       |       |     1 |       ||     1
       War axe           |       |       |       |       |       |       |   164 ||   164
 Fire: Arbalest          |       |       |       |     6 |     8 |       |       ||    14
       Hand crossbow     |       |       |       |       |       |       |     3 ||     3
Throw: Stone             |     5 |       |       |       |       |       |       ||     5
       Dart              |       |     4 |     4 |    45 |    31 |    39 |   161 ||   284
       Boomerang         |       |       |       |     5 |    34 |    40 |   105 ||   184
 Cast: Mephitic Cloud    |       |       |     1 |     7 |       |       |       ||     8
       Stone Arrow       |       |       |       |     1 |    23 |    31 |   107 ||   162
       Sticky Flame      |       |       |       |       |     9 |    31 |     4 ||    44
       Freezing Cloud    |       |       |       |       |    37 |    59 |   153 ||   249
       Olgreb's Toxic Ra |       |       |       |       |       |   142 |    89 ||   231
       Dispel Undead     |       |       |       |       |       |    21 |       ||    21
       Tukima's Dance    |       |       |       |       |       |     6 |     1 ||     7
       Blink             |       |       |       |       |       |     1 |       ||     1
       Death Channel     |       |       |       |       |       |     2 |       ||     2
       Animate Skeleton  |       |       |       |       |       |       |    12 ||    12
       Yara's Violent Un |       |       |       |       |       |       |    12 ||    12
       Summon Mana Viper |       |       |       |       |       |       |     3 ||     3
Invok: Recall Ancestor   |       |       |       |    13 |    14 |    14 |    20 ||    61
       Ancestor Life: He |       |       |       |     1 |       |       |       ||     1
       Idealise          |       |       |       |       |       |     4 |     3 ||     7
Evoke: Wand              |       |     7 |     2 |    14 |    12 |     7 |    14 ||    56
       Piece from Xom's  |       |       |       |       |     3 |       |       ||     3
       Box of beasts     |       |       |       |       |     3 |     1 |     1 ||     5
       Phial of floods   |       |       |       |       |       |       |     1 ||     1
       Tin of tremorston |       |       |       |       |       |       |     1 ||     1
       Phantom mirror    |       |       |       |       |       |       |     1 ||     1
  Use: Potion            |       |       |     1 |       |       |     3 |       ||     4
       Scroll            |       |       |       |     9 |    11 |     6 |    15 ||    41
 Stab: Sleeping          |     1 |     2 |       |     5 |    26 |    16 |    37 ||    87
       Paralysed         |       |       |     4 |       |    18 |    20 |    28 ||    70
       Distracted        |       |       |       |    11 |    22 |    13 |     7 ||    53
       Confused          |       |       |       |    10 |    20 |    11 |    15 ||    56
       Invisible         |       |       |       |       |       |     2 |       ||     2
Armor: Leather armour    |    39 |    16 |    27 |    36 |     8 |       |       ||   126
       Scale mail        |       |    16 |    26 |       |       |       |       ||    42
       Robe              |       |       |       |    90 |   135 |   127 |    87 ||   439
       Troll leather arm |       |       |       |     3 |       |       |       ||     3
       Animal skin       |       |       |       |       |    36 |       |       ||    36
       Fire dragon scale |       |       |       |       |       |     3 |    38 ||    41
Dodge: Dodged            |    74 |    73 |   144 |   396 |   509 |   363 |   282 ||  1841
Block: Buckler           |       |       |       |    89 |    55 |   196 |   222 ||   562
       Kite shield       |       |       |       |       |   250 |    61 |       ||   311
       Reflection        |       |       |       |       |       |       |    11 ||    11

Table legend: (Time is in decaauts)
 A = Elapsed time spent in this place.
 B = Non-inter-level travel time spent in this place.
 C = Inter-level travel time spent in this place.
 D = Time resting spent in this place.
 E = Time spent auto-exploring this place.
 F = Levels seen in this place.
 G = Mean time per level.
                   A        B        C        D        E       F      G
               +--------+--------+--------+--------+--------+-----+--------+
         Total |  72144 |  64817 |   7327 |  22980 |  18972 |  40 | 1803.6 |
       Dungeon |  25771 |  22559 |   3212 |   6053 |  10303 |  15 | 1718.1 |
        Temple |    243 |    215 |     28 |      0 |    199 |   1 |  243.0 |
          Lair |   9489 |   8063 |   1426 |   1576 |   3491 |   6 | 1581.5 |
         Swamp |   6623 |   5994 |    629 |   2279 |    943 |   4 | 1655.8 |
   Spider Nest |   9236 |   8558 |    678 |   5076 |   1356 |   4 | 2309.0 |
  Orcish Mines |   4557 |   3857 |    700 |   1067 |    682 |   2 | 2278.5 |
   Elven Halls |  10183 |   9671 |    512 |   4612 |   1407 |   3 | 3394.3 |
        Vaults |   2940 |   2799 |    141 |   1119 |    469 |   2 | 1470.0 |
        Bazaar |    264 |    264 |      0 |      0 |      0 |   1 |  264.0 |
      Ice Cave |   1751 |   1751 |      0 |    847 |      0 |   1 | 1751.0 |
       Volcano |   1082 |   1082 |      0 |    347 |    121 |   1 | 1082.0 |
               +--------+--------+--------+--------+--------+-----+--------+

Top non-repeatable levels by time:
   Elf:3: 5160 daAuts
     D:7: 3621 daAuts
   Elf:1: 3351 daAuts
Spider:1: 2842 daAuts
Spider:2: 2814 daAuts
   Orc:2: 2757 daAuts
Vaults:1: 2700 daAuts
Spider:3: 2520 daAuts
    D:13: 2510 daAuts
  Lair:6: 2444 daAuts
    D:12: 2234 daAuts
 Swamp:3: 2086 daAuts
    D:14: 1882 daAuts
  Lair:1: 1848 daAuts
     D:1: 1845 daAuts
